 Dungeon Crawl Stone Soup version 0.21.1-1-g345015f (webtiles) character file.

895 wojtek the Chopper (level 7, -7/61 HPs)
             Began as a Minotaur Fighter on July 21, 2018.
             Was a Follower of Makhleb.
             Killed from afar by Prince Ribbit the rime drake (20 damage)
             ... with a flash freeze
             ... on level 6 of the Dungeon.
             The game lasted 00:06:19 (4719 turns).

wojtek the Chopper (Minotaur Fighter)               Turns: 4719, Time: 00:06:21

Health: -7/61      AC:  9    Str: 23    XL:     7   Next: 78%
Magic:  8/8        EV:  9    Int:  5    God:    Makhleb [*.....]
Gold:   237        SH: 10    Dex:  9    Spells: 6/6 levels left

rFire    . . .     SeeInvis .   a - +0 war axe
rCold    . . .     Gourm    .   c - +0 shield
rNeg     . . .     Faith    .   i - +0 chain mail (curse)
rPois    .         Spirit   .   (helmet restricted)
rElec    .         Reflect  .   (no cloak)
rCorr    .         Harm     .   (no gloves)
MR       +....                  (no boots)
Stlth    ..........             (no amulet)
HPRegen  0.20/turn              w - +2 ring of evasion
MPRegen  0.11/turn              x - ring of protection from magic

@: no status effects
A: retaliatory headbutt, horns 2
a: Renounce Religion


You were on level 6 of the Dungeon.
You worshipped Makhleb.
Makhleb was aware of your devotion.
You were hungry.

You visited 1 branch of the dungeon, and saw 6 of its levels.
You also visited: Sewer.

You collected 237 gold pieces.

Inventory:

Hand Weapons
 a - a +0 war axe (weapon)
Missiles
 m - 2 throwing nets (quivered)
Armour
 c - a +0 shield (worn)
 i - a cursed +0 chain mail (worn)
 v - a +1 chain mail of magic resistance
Jewellery
 w - a +2 ring of evasion (left hand)
 x - a ring of protection from magic (right hand)
Wands
 t - a wand of paralysis (9)
 u - a wand of polymorph (4)
Scrolls
 e - 3 scrolls of magic mapping {unknown}
 g - 3 scrolls of amnesia {unknown}
 h - 10 scrolls of identify {unknown}
 l - 8 scrolls of teleportation {unknown}
 n - a scroll of remove curse {unknown}
 o - 2 scrolls of enchant weapon {unknown}
 p - a scroll of enchant armour {unknown}
 q - a scroll of immolation {unknown}
 s - 2 scrolls of fog {unknown}
 y - a scroll of noise {unknown}
Potions
 b - 2 potions of haste {unknown}
 d - 2 potions of might
 j - a potion of cancellation {unknown}
 k - a potion of berserk rage {unknown}
 r - a potion of heal wounds {unknown}
 z - 3 potions of flight {unknown}
Comestibles
 f - 9 rations


   Skills:
 + Level 5.0 Fighting
 + Level 7.3 Axes
 + Level 5.1 Armour
 + Level 2.9 Dodging
 + Level 4.9 Shields
 * Level 3.0 Invocations


You had 6 spell levels left.
You didn't know any spells.

Dungeon Overview and Level Annotations

Branches:
Dungeon (6/15)             Temple (0/1) D:5

Altars:
Fedhas
Hepliaklqana
Kikubaaqudgha
Makhleb
Ru
Vehumet

Annotations:
D:3 2 transporters - relec
D:5 wojtek's ghost, novice MiFi
D:6 Prince Ribbit


Innate Abilities, Weirdness & Mutations

You reflexively headbutt those who attack you in melee.
You have a pair of horns on your head.


Message History

x - a ring of protection from magic (right hand) Prince Ribbit bites you but does no damage.
You closely miss Prince Ribbit.
Prince Ribbit is moderately wounded.
Prince Ribbit bites you.
* * * LOW HITPOINT WARNING * * *
You hit Prince Ribbit.
Prince Ribbit is moderately wounded.
Prince Ribbit barely misses you.
Prince Ribbit bites you but does no damage.
You hit Prince Ribbit.
Prince Ribbit is heavily wounded.
The ice encasing you melts away. Prince Ribbit barely misses you.
You closely miss Prince Ribbit.
Prince Ribbit is heavily wounded.
Prince Ribbit bites you but does no damage.
Prince Ribbit breathes ice at you. The flash freeze hits you!
You die...

#. #.# #.#
#.#
#.######
#......#
#....k.#
#.....@#
#.####.#
#.# #.#
#ยง.....#
.........
####.#####
.# .# #


You could see Prince Ribbit the rime drake.

Vanquished Creatures
  An ice beast (D:5)
  Purgy (Sewer)
  An ogre (D:5)
  A bullfrog skeleton (D:4)
  2 orc wizards (D:3)
  Ijyb (D:4)
  2 centaur skeletons
  A hound (D:3)
  Natasha (thrice) (D:3)
  2 iguanas (D:5)
  2 worker ants
  A hound skeleton (D:5)
  Robin (D:3)
  10 adders
  3 worms
  2 dart slugs
  5 leopard geckos
  14 orcs
  10 bats
  2 giant cockroaches (D:2)
  7 hobgoblins
  17 jackals
  3 kobolds
  2 quokkas
  4 ball pythons
  5 frilled lizards
  A giant cockroach zombie (D:5)
  9 goblins
  A jackal zombie (D:5)
  7 rats
121 creatures vanquished.

Notes
Turn   | Place    | Note
-------+----------+-------------------------------------------
     0 | D:1      | wojtek the Minotaur Fighter began the quest for the Orb.
     0 | D:1      | Reached XP level 1. HP: 19/19 MP: 0/0
    58 | D:1      | Reached skill level 3 in Axes
    81 | D:1      | Reached XP level 2. HP: 19/26 MP: 1/1
   466 | D:1      | Reached skill level 4 in Axes
   543 | D:2      | Reached XP level 3. HP: 28/31 MP: 2/2
   885 | D:2      | Reached skill level 5 in Axes
  1338 | D:3      | Found a transporter.
  1338 | D:3      | Noticed Robin
  1345 | D:2      | Reached XP level 4. HP: 34/39 MP: 3/3
  1554 | D:3      | Killed Robin
  1568 | D:3      | Noticed Natasha
  1578 | D:3      | Killed Natasha
  1578 | D:3      | Reached skill level 6 in Axes
  1652 | D:3      | Reached XP level 5. HP: 42/45 MP: 4/4
  1684 | D:3      | Noticed Natasha
  1692 | D:3      | Killed Natasha
  1749 | D:3      | Reached skill level 1 in Dodging
  1805 | D:3      | Found a transporter.
  1862 | D:3      | Reached XP level 6. HP: 49/52 MP: 5/5
  1896 | D:3      | Noticed Natasha
  1903 | D:3      | Killed Natasha
  1937 | D:3      | Found a radiant altar of Vehumet.
  1944 | D:3      | Found an ancient bone altar of Kikubaaqudgha.
  1944 | D:3      | Found a blossoming altar of Fedhas.
  1957 | D:3      | Found a sacrificial altar of Ru.
  1961 | D:3      | Found a burning altar of Makhleb.
  1968 | D:3      | Became a worshipper of Makhleb the Destroyer
  2289 | D:4      | Found a glowing drain.
  2298 | Sewer    | Entered a sewer
  2435 | Sewer    | Noticed Purgy
  2449 | Sewer    | Killed Purgy
  2449 | Sewer    | Reached skill level 1 in Invocations
  2810 | D:4      | Noticed Ijyb
  2823 | D:4      | Reached * piety under Makhleb
  2823 | D:4      | Reached XP level 7. HP: 53/60 MP: 7/7
  2860 | D:4      | Killed Ijyb
  2860 | D:4      | Reached skill level 7 in Axes
  3207 | D:5      | Entered Level 5 of the Dungeon
  3646 | D:5      | Found a staircase to the Ecumenical Temple.
  3695 | D:5      | Found a hazy altar of Hepliaklqana.
  3788 | D:5      | Noticed wojtek's ghost (novice MiFi)
  4294 | D:5      | Reached skill level 5 in Armour
  4315 | D:5      | Reached skill level 5 in Fighting
  4547 | D:6      | Noticed Prince Ribbit
  4712 | D:6      | Noticed Prince Ribbit
  4712 | D:6      | Prince Ribbit changed into Prince Ribbit the rime drake
  4719 | D:6      | Killed from afar by Prince Ribbit the rime drake

Skill      XL: |  1  2  3  4  5  6  7 |
---------------+----------------------+-----
Axes           | 3 4 5 6 7 |  7.3
Fighting       | 4 5 |  5.0
Armour         | 4 5 |  5.1
Dodging        | 1 2 |  2.9
Shields        | 4 |  4.9
Invocations    | 1 3 |  3.0

Action                   |  1- 3 |  4- 6 |  7- 9 || total
-------------------------+-------+-------+-------++-------
Melee: War axe           |    78 |   148 |   102 ||   328
       Headbutt          |     9 |    21 |    13 ||    43
       Unarmed           |       |    10 |    25 ||    35
Evoke: Wand              |       |       |     2 ||     2
  Eat: Chunk             |       |     7 |     5 ||    12
Armor: Scale mail        |     4 |       |       ||     4
       Chain mail        |    46 |   107 |    34 ||   187
       Skin              |       |     4 |     1 ||     5
Dodge: Dodged            |    23 |    63 |    56 ||   142
Block: Shield            |    36 |   106 |    38 ||   180
